 Dungeon Crawl Stone Soup version 0.21.1-1-g345015fe64 (webtiles) character file.

989 Lothor the Carver (level 7, -12/57 HPs)
             Began as a Purple Draconian Berserker on Mar 20, 2018.
             Was a Priest of Trog.
             Killed by divine providence
             ... invoked by an orc priest
              (17 damage)
             ... on level 6 of the Dungeon.
             The game lasted 00:17:33 (5140 turns).

Lothor the Carver (Purple Draconian Berserker)      Turns: 5140, Time: 00:17:34

Health: -12/57     AC:  8    Str: 21    XL:     7   Next: 98%
Magic:  7/7        EV: 12    Int:  7    God:    Trog [***...]
Gold:   270        SH:  3    Dex: 11    Spells: 6/6 levels left

rFire    . . .     SeeInvis .   r - +0 long sword
rCold    . . .     Gourm    .   z - +0 buckler
rNeg     . . .     Faith    .   (armour unavailable)
rPois    .         Spirit   .   (helmet restricted)
rElec    .         Reflect  .   j - +0 cloak
rCorr    .         Harm     .   (no gloves)
MR       +....                  F - +0 pair of boots
Stlth    +.........             (no amulet)
HPRegen  0.19/turn              (no ring)
MPRegen  0.10/turn              (no ring)

@: no status effects
A: breathe power, unfitting armour, cold-blooded, AC +6
a: Breathe Dispelling Energy, Berserk, Trog's Hand, Burn Spellbooks, Renounce
Religion


You were on level 6 of the Dungeon.
You worshipped Trog.
Trog was most pleased with you.
You were not hungry.

You visited 1 branch of the dungeon, and saw 6 of its levels.

You collected 270 gold pieces.

Inventory:

Hand Weapons
 a - a +0 falchion
 r - a +0 long sword (weapon)
 B - the cursed +1 mace of Understanding {flame, rN+, unknown}
   (You found it on level 5 of the Dungeon)

   It has been specially enchanted to burn those struck by it, causing extra
   injury to most foes and up to half again as much damage against particularly
   susceptible opponents.
   It protects you from negative energy.
   It has a curse placed upon it.
Missiles
 q - 4 tomahawks (quivered)
Armour
 j - a +0 cloak (worn)
 z - a +0 buckler (worn)
 C - a +2 pair of boots
 F - a +0 pair of boots (worn)
Jewellery
 n - an uncursed amulet of guardian spirit {unknown}
 s - an uncursed ring of protection from cold {unknown}
 w - an uncursed ring of stealth {unknown}
Wands
 d - a wand of flame (15)
 u - a wand of enslavement (9)
 v - a wand of polymorph (8)
 y - a wand of scattershot (6)
Scrolls
 e - 2 scrolls of teleportation {unknown}
 f - a scroll of amnesia
 g - a scroll of fog {unknown}
 l - a scroll of magic mapping {unknown}
 m - a scroll of identify {unknown}
 o - 4 scrolls of blinking
 t - a scroll of enchant weapon {unknown}
 A - a scroll of enchant armour {unknown}
Potions
 c - a potion of brilliance {unknown}
 h - a potion of flight {unknown}
 i - 2 potions of heal wounds {unknown}
 k - 3 potions of haste {unknown}
 p - 2 potions of might {unknown}
 x - 2 potions of curing {unknown}
 D - a potion of invisibility
 E - 2 potions of berserk rage {unknown}
Comestibles
 b - 6 rations


   Skills:
 - Level 3.2 Fighting
 + Level 9.7 Long Blades
 - Level 2.6 Dodging


You had 6 spell levels left.
You didn't know any spells.

Dungeon Overview and Level Annotations

Branches:
Dungeon (6/15)
 Temple: D:4-7

Altars:
Gozag
Ru
Vehumet

Shops:
D:4 }

Annotations:
D:6 Prince Ribbit


Innate Abilities, Weirdness & Mutations

You can breathe bolts of dispelling energy.
Your rich purple scales are hard. (AC +6)
You cannot fit into any form of body armour.
You are cold-blooded and may be slowed by cold attacks.


Message History

Prince Ribbit closely misses you.
You riposte.
Your shield prevents you from hitting Prince Ribbit.
Prince Ribbit is heavily wounded.
Prince Ribbit blinks!
An orc comes into view. It is wielding a whip.
The orc shouts!
The orc hits you but does no damage.
Prince Ribbit lets out a mournful croak.
The sky beast flickers out of sight!
Deactivating autopickup; reactivate with Ctrl-A.
Prince Ribbit blinks!
The orc barely misses you.
A sky beast appears from thin air!
Reactivating autopickup.
Prince Ribbit hits you!
* * * LOW HITPOINT WARNING * * *
Prince Ribbit blinks!
The orc priest invokes the aid of Beogh against you.
Beogh smites you!
You die...

#.......####### ######## ##
#..[....#.....# #......#####.
#.......#.....# ##..........#.
#.......#.....######...........#.
....#####......................#.
....#..........................#.
#...#............................
#...#.......Y......#.............
.........oo..o§.@................
..............o.....F......####..
#############..............# #..
# #.#####........# #.. # #..
.........# ... # #... ..........
.... # #.... ... ....# # #...#.
##. #


You could see Prince Ribbit, a sky beast, an orc priest and 3 orcs.

Vanquished Creatures
  Menkaure (D:4)
  A sky beast (D:5)
  The ghost of DildoBatman the Sneak, an amateur FoEn (D:3)
  An ogre (D:5)
  Blork the orc (D:6)
  A howler monkey (D:4)
  3 hounds
  A bullfrog skeleton (D:5)
  2 orc priests
  4 orc wizards
  Ijyb (D:4)
  2 worker ants
  A worker ant zombie (D:6)
  5 adders
  An ooze (D:1)
  An adder skeleton (D:5)
  A worm (D:3)
  6 dart slugs
  15 orcs
  8 bats
  3 giant cockroaches
  3 goblins
  9 hobgoblins
  3 jackals (D:4)
  3 quokkas
  2 ball pythons
  9 frilled lizards
  7 kobolds
  5 rats
101 creatures vanquished.

Vanquished Creatures (others)
  12 toadstools
12 creatures vanquished.

Grand Total: 113 creatures vanquished

Notes
Turn   | Place    | Note
-------+----------+-------------------------------------------
     0 | D:1      | Lothor the Draconian Berserker began the quest for the Orb.
     0 | D:1      | Reached XP level 1. HP: 19/19 MP: 1/1
   192 | D:1      | Reached XP level 2. HP: 25/26 MP: 2/2
   273 | D:1      | Reached skill level 4 in Long Blades
   532 | D:1      | Reached XP level 3. HP: 31/31 MP: 3/3
   738 | D:2      | Reached ** piety under Trog
  1153 | D:2      | Reached XP level 4. HP: 38/38 MP: 4/4
  1178 | D:2      | Reached skill level 5 in Long Blades
  1335 | D:3      | Noticed DildoBatman's ghost (amateur FoEn)
  1361 | D:3      | Killed DildoBatman's ghost
  1361 | D:3      | Reached XP level 5. HP: 20/45 MP: 5/5
  1429 | D:2      | Reached skill level 6 in Long Blades
  2331 | D:3      | Found a radiant altar of Vehumet.
  2386 | D:3      | Reached *** piety under Trog
  2469 | D:3      | Reached XP level 6. HP: 51/51 MP: 6/6
  2618 | D:4      | Noticed Menkaure
  2628 | D:4      | Killed Menkaure
  2628 | D:4      | Reached skill level 7 in Long Blades
  3351 | D:4      | Found Wugg's Gadget Emporium.
  3612 | D:4      | Noticed Ijyb
  3619 | D:4      | Killed Ijyb
  3619 | D:4      | Reached skill level 8 in Long Blades
  3619 | D:4      | Your scales start taking on a rich purple colour.
  3619 | D:4      | Reached XP level 7. HP: 57/57 MP: 7/7
  3994 | D:5      | Entered Level 5 of the Dungeon
  4099 | D:5      | Reached skill level 9 in Long Blades
  4241 | D:5      | Found an opulent altar of Gozag.
  4293 | D:5      | Found a sacrificial altar of Ru.
  4587 | D:5      | Got a shimmering mace
  4841 | D:6      | Noticed Blork the orc
  4849 | D:6      | Killed Blork the orc
  5088 | D:6      | Noticed Prince Ribbit
  5140 | D:6      | Killed from afar by an orc priest

Skill      XL: |  1  2  3  4  5  6  7 |
---------------+----------------------+-----
Long Blades    | 4 5 6 8 9 |  9.7
Fighting       | |  3.2
Dodging        | |  2.6

Action                   |  1- 3 |  4- 6 |  7- 9 || total
-------------------------+-------+-------+-------++-------
Melee: Falchion          |    83 |   125 |       ||   208
       Tailslap          |     7 |    37 |    16 ||    60
       Long sword        |       |    55 |    88 ||   143
Invok: Trog's Hand       |       |     3 |     1 ||     4
       Berserk           |       |     2 |     2 ||     4
 Abil: Breathe Dispellin |       |       |     7 ||     7
  Use: Scroll            |       |       |     2 ||     2
 Stab: Sleeping          |       |     1 |       ||     1
  Eat: Chunk             |     1 |     7 |     4 ||    12
       Ration            |       |     1 |     2 ||     3
Armor: Skin              |    25 |    55 |    35 ||   115
Dodge: Dodged            |    68 |   103 |    66 ||   237
Block: Buckler           |       |       |     2 ||     2
       Rpst.: Falchion   |    23 |    20 |       ||    43
       Long sword        |       |     9 |    19 ||    28
